Map: [ESL] Alcyone

Players

Rob

  • Race: Protoss Protoss
  • Spawn Location: 7:00

Harstem - Winner!

  • Race: Protoss Protoss
  • League: Master
  • Spawn Location: 1:00

Event: ESL SC2 Masters 2023 Winter (Finals)

VOD

Have the link to the VOD?

Description

Time

  • Played on: Dec. 15, 2023, 2:38 p.m.
  • Length: 9:00

All games in this series

Show
View Real Time Build Order
Export as new Build Order

Rob Protoss 

Build Orders:  

Get SALT Encoding   

  12  0:00  Probe  
  13  0:12  Probe  
  14  0:18  Pylon  
  14  0:24  Probe (Chrono Boost)  
  15  0:37  Gateway  
  15  0:38  Probe (Chrono Boost)  
  16  0:45  Probe (Chrono Boost)  
  16  0:49  Assimilator  
  17  0:52  Probe (Chrono Boost)  
  17  0:55  Assimilator  
  18  1:04  Probe (Chrono Boost)  
  18  1:08  Gateway  
  19  1:13  Probe (Chrono Boost)  
  20  1:18  Probe  
  20  1:25  Cybernetics Core  
  21  1:30  Probe  
  22  1:36  Pylon  
  22  1:42  Probe  
  23  1:55  Probe  
  24  2:03  Warp Gate, Stalker x2  
  28  2:19  Pylon  
  30  2:42  Nexus  
  28  2:44  Sentry x2  
  28  2:45  Probe (Chrono Boost)  
  33  2:57  Probe (Chrono Boost)  
  34  2:59  Twilight Council  
  34  3:03  Probe (Chrono Boost)  
  35  3:12  Probe  
  36  3:17  Stalker  
  38  3:24  Probe  
  39  3:32  Sentry  
  38  3:36  Probe  
  39  3:45  Shield Battery  
  39  3:53  Pylon  
  39  3:54  Probe  
  40  3:59  Stalker  
  41  4:03  Probe (Chrono Boost)  
  40  4:10  Probe (Chrono Boost)  
  40  4:12  Blink (Chrono Boost)  
  40  4:15  Probe (Chrono Boost)  
  41  4:22  Probe x2 (Chrono Boost)  
  43  4:29  Probe  
  43  4:30  Probe, Pylon  
  44  4:41  Probe  
  44  4:42  Probe  
  46  4:52  Stalker  
  47  4:53  Probe, Stalker  
  47  4:55  Probe  
  51  5:05  Probe  
  53  5:07  Probe  
  53  5:13  Gateway  
  53  5:14  Gateway  
  53  5:17  Gateway  
  53  5:20  Probe  
  54  5:21  Probe  
  54  5:22  Phoenix  
  55  5:32  Probe, Stalker  
  55  5:33  Stalker  
  55  5:34  Probe  
  61  5:38  Pylon  
  61  5:44  Probe, Pylon  
  62  5:53  Assimilator  
  62  5:56  Probe  
  63  5:57  Shield Battery, Pylon  
  63  6:01  Probe  
  64  6:10  Stalker x3  
  70  6:16  Shield Battery  
  70  6:17  Stalker  
  72  6:18  Probe  
  73  6:28  Stalker  
  73  6:31  Pylon  
  75  6:39  Stalker x3  
  81  6:45  Stalker  
  83  6:52  Pylon  
  83  6:57  Pylon  
  83  7:02  Forge  
  83  7:14  Stalker x5  
  91  7:26  Robotics Facility  
  91  7:27  Pylon  
  91  7:38  Stalker x3  
  91  7:39  Stalker  
  99  7:45  Stalker  
  101  7:58  Probe x2  
  103  8:06  Stalker x4  
  103  8:11  Phoenix  
  111  8:16  Stalker  
  111  8:17  Pylon  
  91  8:40  Stalker  
  91  8:41  Stalker x4  
Show
View Real Time Build Order
Export as new Build Order

Harstem Protoss - Winner!

Build Orders: Oracle Opening 

Get SALT Encoding   

  12  0:00  Probe  
  13  0:12  Probe  
  14  0:17  Pylon  
  14  0:24  Probe (Chrono Boost)  
  15  0:36  Probe (Chrono Boost)  
  15  0:37  Gateway  
  16  0:45  Probe (Chrono Boost)  
  16  0:46  Assimilator  
  17  0:51  Probe  
  17  0:55  Assimilator  
  18  1:03  Probe (Chrono Boost)  
  19  1:09  Gateway  
  20  1:12  Probe (Chrono Boost)  
  20  1:17  Probe (Chrono Boost)  
  21  1:27  Cybernetics Core  
  21  1:29  Probe  
  22  1:41  Probe, Pylon  
  23  1:59  Probe  
  24  2:04  Stargate  
  24  2:05  Adept, Warp Gate  
  26  2:11  Stalker  
  28  2:15  Probe  
  28  2:20  Pylon  
  29  2:41  Stalker  
  30  2:45  Oracle (Chrono Boost)  
  33  2:57  Probe  
  34  3:06  Nexus  
  35  3:13  Oracle (Chrono Boost)  
  38  3:22  Pylon  
  37  3:28  Probe  
  38  3:39  Twilight Council  
  38  3:40  Probe  
  39  3:53  Probe  
  40  3:55  Stalker  
  40  4:05  Probe  
  41  4:12  Blink (Chrono Boost), Stalker  
  43  4:17  Probe  
  45  4:27  Gateway  
  45  4:29  Stalker  
  45  4:30  Pylon  
  46  4:31  Probe  
  46  4:33  Probe  
  48  4:43  Stalker  
  48  4:44  Probe  
  51  4:46  Probe  
  52  4:53  Pylon  
  52  4:56  Probe  
  52  4:58  Probe  
  52  4:59  Stalker  
  56  5:07  Stalker  
  56  5:08  Probe  
  56  5:12  Probe  
  60  5:20  Probe  
  61  5:22  Stalker x2  
  61  5:24  Probe  
  66  5:32  Stalker, Probe  
  66  5:35  Pylon  
  69  5:36  Probe  
  70  5:45  Stalker x2  
  75  5:55  Stalker  
  76  6:03  Nexus  
  76  6:04  Pylon  
  76  6:05  Probe  
  76  6:06  Probe  
  76  6:10  Stalker  
  80  6:17  Probe, Stalker  
  83  6:24  Stalker, Forge  
  85  6:26  Probe  
  85  6:27  Assimilator  
  85  6:30  Probe  
  87  6:35  Shield Battery  
  87  6:37  Shield Battery  
  87  6:39  Probe  
  88  6:43  Stalker x2  
  93  6:49  Gateway  
  93  6:52  Gateway  
  92  6:54  Protoss Ground Weapons Level 1 (Chrono Boost)  
  92  6:55  Gateway  
  92  6:57  Probe  
  93  7:01  Probe  
  94  7:14  Probe  
  95  7:17  Stalker  
  95  7:18  Stalker x2  
  95  7:20  Probe  
  95  7:22  Probe  
  99  7:31  Assimilator  
  99  7:37  Gateway  
  99  7:42  Gateway, Stalker x2  
  103  7:45  Pylon  
  103  7:47  Stalker  
  105  7:56  Stalker x2  
  109  7:58  Photon Cannon  
  109  8:00  Photon Cannon  
  109  8:04  Pylon  
  107  8:14  Stalker x4  
  111  8:30  Stalker x2  
  111  8:31  Probe  
  112  8:35  Gateway  
  112  8:36  Stalker  
  112  8:38  Pylon  
  114  8:41  Gateway  
  114  8:42  Stalker x2  
  114  8:43  Stalker  
  114  9:00  Stalker x3  
Tags
 
Add a new tag
Caveats
  • Supply blocks, unpowered buildings, or Contaminate may cause inaccurate times.
  • Supply counts are checked every 10 seconds.